 Dungeon Crawl Stone Soup version 0.23.1 (webtiles) character file.

Game seed: 6303001537758307698

275 Borgoz the Skirmisher (level 6, -15/53 HPs)
             Began as a Ghoul Monk on Mar 17, 2019.
             Demolished by an ogre
             ... wielding a +0 giant spiked club
              (18 damage)
             ... on level 5 of the Dungeon.
             The game lasted 00:07:34 (2323 turns).

Borgoz the Skirmisher (Ghoul Monk)                  Turns: 2323, Time: 00:07:35

Health: -15/53     AC:  5    Str: 15    XL:     6   Next: 24%
Magic:  5/5        EV: 12    Int:  7    God:
Gold:   137        SH:  0    Dex: 11    Spells: 5/5 levels left

rFire    + . .     SeeInvis .   a - +0 short sword
rCold    . . .     Gourm    .   (no shield)
rNeg     + + +     Faith    .   d - +0 ring mail
rPois    ∞         Spirit   .   (no helmet)
rElec    .         Reflect  .   (no cloak)
rCorr    .         Harm     .   (no gloves)
MR       .....                  (no boots)
Stlth    ++........             (no amulet)
HPRegen  0.00/turn              b - ring of fire
MPRegen  0.09/turn              (no ring)

@: rotting
A: rotting body, claws 1, carnivore, cold resistance 1, negative energy
resistance 3, inhibited regeneration, torment resistance, unbreathing
a: no special abilities


You were on level 5 of the Dungeon.
You were not hungry.

You visited 1 branch of the dungeon, and saw 5 of its levels.

You collected 137 gold pieces.

Inventory:

Hand Weapons
 a - a +0 short sword (weapon)
Armour
 d - a +0 ring mail (worn)
Jewellery
 b - a ring of fire (left claw)
 e - an uncursed ring of flight
Wands
 h - a wand of digging (8)
Scrolls
 f - 3 scrolls of remove curse
 g - 3 scrolls of identify
 j - a scroll of teleportation
 n - 3 scrolls of enchant armour
Potions
 i - a potion of resistance
Comestibles
 c - 7 rations


   Skills:
 + Level 4.3 Fighting
 * Level 4.0 Short Blades
 * Level 2.2 Armour
 + Level 3.6 Dodging
 + Level 3.2 Stealth


You had 5 spell levels left.
You didn't know any spells.
Your spell library was empty.

Dungeon Overview and Level Annotations

Branches:
Dungeon (5/15)
 Temple: D:4-7

Altars:

Annotations:
D:4 Edmund


Innate Abilities, Weirdness & Mutations

Your body is rotting away.
You thrive on raw meat.
You are immune to poison.
You have sharp fingernails.
You are carnivorous and can eat meat at any time.
Your flesh is cold resistant. (rC+)
You are immune to negative energy. (rN+++)
You do not regenerate when monsters are visible.
You are immune to unholy pain and torment.
You can survive without breathing.


Message History

The ogre hits you with a +0 giant spiked club!
You hit the ogre.
The ogre is heavily wounded.
The ogre barely misses you.
Okay, then.
You hit the ogre but do no damage.
The ogre is heavily wounded.
You barely miss the ogre.
The ogre is heavily wounded.
The ogre closely misses you.
You hit the ogre but do no damage.
The ogre is heavily wounded.
The ogre hits you with a +0 giant spiked club!
* * * LOW HITPOINT WARNING * * *
You hit the ogre.
The ogre is heavily wounded.
You hit the ogre.
The ogre is severely wounded.
The ogre hits you with a +0 giant spiked club!!
You die...

#. #. .# #
#.##.##.##
#.#.........
#.#..#.##.####
#............
#...O..#...#
#..@...#...#
##.....#...#########
#.....#............
#....##.#.#########
#...............#
#....##.#.#####.#
#....##.#...
#....##.#####
$.....##..


You could see an ogre.

Vanquished Creatures
  A hornet zombie (D:3)
  A scorpion (D:5)
  Terence (D:3)
  3 adders
  2 oozes
  A worm (D:2)
  2 dart slugs
  A leopard gecko (D:1)
  3 orcs
  2 giant cockroaches
  6 goblins
  6 hobgoblins
  10 jackals
  6 kobolds
  A quokka (D:4)
  8 bats
  6 frilled lizards
  6 rats
66 creatures vanquished.

Notes
Turn   | Place    | Note
-------+----------+-------------------------------------------
     0 | D:1      | Borgoz the Ghoul Monk began the quest for the Orb.
     0 | D:1      | Reached XP level 1. HP: 19/19 MP: 0/0
    57 | D:1      | Reached XP level 2. HP: 26/26 MP: 1/1
   269 | D:1      | Reached XP level 3. HP: 10/31 MP: 2/2
   823 | D:2      | Reached XP level 4. HP: 34/40 MP: 3/3
  1000 | D:2      | Reached skill level 1 in Armour
  1403 | D:3      | Noticed Terence
  1427 | D:3      | Killed Terence
  1427 | D:3      | Reached XP level 5. HP: 17/46 MP: 4/4
  2206 | D:4      | Noticed Edmund
  2229 | D:4      | Reached XP level 6. HP: 33/52 MP: 5/5
  2252 | D:4      | Noticed a phantom
  2273 | D:5      | Entered Level 5 of the Dungeon
  2323 | D:5      | Demolished by an ogre

Skill      XL: |  1  2  3  4  5  6 |
---------------+-------------------+-----
Short Blades   | 3 4 |  4.0
Dodging        | 3 |  3.6
Armour         | 1 2 |  2.2
Fighting       | 4 |  4.3
Stealth        | 3 |  3.2

Action                   |  1- 3 |  4- 6 || total
-------------------------+-------+-------++-------
Melee: Short sword       |   209 |   217 ||   426
 Abil: Evoke Flight      |       |     1 ||     1
  Use: Potion            |       |     7 ||     7
       Scroll            |       |     3 ||     3
 Stab: Sleeping          |       |     1 ||     1
       Invisible         |       |     4 ||     4
       Distracted        |       |     1 ||     1
  Eat: Chunk             |    26 |    14 ||    40
Armor: Robe              |    15 |       ||    15
       Leather armour    |    25 |    23 ||    48
       Ring mail         |       |    18 ||    18
Dodge: Dodged            |   161 |   149 ||   310
